 Dungeon Crawl Stone Soup version 0.30-a0-439-g9e77e4d916 (webtiles) character file.

Game seed: 17369341293846521321

1531 Darkkill the Shooter (level 8, -2/71 HPs)
             Began as a Minotaur Hunter on Dec 10, 2022.
             Was an Initiate of Gozag.
             Slain by an orc warrior
             ... wielding a +0 flail
              (8 damage)
             ... on level 6 of the Dungeon.
             The game lasted 00:04:47 (5413 turns).

Darkkill the Shooter (Minotaur Hunter)              Turns: 5413, Time: 00:04:47

Health: -2/71      AC:  7    Str: 16    XL:     8   Next: 55%
Magic:  7/7        EV: 15    Int:  6    God:    Gozag
Gold:   492        SH:  0    Dex: 16    Spells: 7/7 levels left

rFire   . . .      SeeInvis .    a - +1 shortbow
rCold   . . .      Faith    .    (shield currently unavailable)
rNeg    . . .      Spirit   .    (no body armour)
rPois   .          Reflect  .    (helmet restricted)
rElec   .          Harm     .    (no cloak)
rCorr   .          Rampage  .    r - +0 pair of gloves
Will    .....                    n - +1 pair of boots
Stlth   +++.......               (no amulet)
HPRegen 0.31/turn                j - +4 ring of protection
MPRegen 0.10/turn                (no ring)

@: no status effects
A: horns 2, retaliatory headbutt
a: Renounce Religion, Potion Petition, Call Merchant, Bribe Branch


You were on level 6 of the Dungeon.
You worshipped Gozag.
Gozag was aware of your devotion.
You visited 2 branches of the dungeon, and saw 7 of its levels.

You collected 539 gold pieces.
You paid 47 gold pieces to Gozag.

Inventory:

Hand Weapons
 a - a +1 shortbow (weapon)
Missiles
 e - 3 boomerangs
 f - 4 poisoned darts
 h - 49 stones
Armour
 n - a +1 pair of boots (worn)
 r - a +0 pair of gloves (worn)
Jewellery
 j - a +4 ring of protection (left hand)
Scrolls
 b - 2 scrolls of immolation
 g - 4 scrolls of teleportation
 l - a scroll of magic mapping
Potions
 c - a potion of brilliance {unknown}
 d - 2 potions of mutation
 i - 2 potions of cancellation
 k - 2 potions of might
 m - 2 potions of invisibility {unknown}
 o - a potion of degeneration {unknown}
 q - 4 potions of curing {@q1}
 s - 2 potions of haste
 t - a potion of lignification {unknown}


   Skills:
 + Level 6.8 Fighting
 + Level 7.4 Ranged Weapons
 + Level 6.2 Dodging
 + Level 4.7 Stealth


You had 7 spell levels left.
You didn't know any spells.
Your spell library contained the following spells:

 Spells                   Type           Power      Damage    Failure   Level
 Beastly Appendage        Tmut           0%         N/A       45%         1
 Wereblood                Tmut           0%         N/A       58%         2
 Portal Projectile        Hex/Tloc       0%         N/A       83%         3
 Spider Form              Tmut/Pois      0%         N/A       83%         3
 Tukima's Dance           Hex            0%         N/A       83%         3
 Vhi's Electric Charge    Tloc/Air       0%         N/A       83%         3
 Arcjolt                  Conj/Air       0%         1d10      100%        5
 Blade Hands              Tmut           0%         N/A       100%        5
 Maxwell's Capacitive Co  Air            0%         ∞         100%        8


Dungeon Overview and Level Annotations

Branches:
Dungeon (6/15)             Temple (1/1) D:4

Altars:
Ashenzari
Cheibriados
Dithmenos
Elyvilon
Fedhas
Gozag
Hepliaklqana
Makhleb
Nemelex Xobeh
Okawaru
Qazlal
Ru
Sif Muna
Vehumet
Wu Jian
Xom
Zin
The Shining One


Innate Abilities, Weirdness & Mutations

You have a pair of horns on your head.
You reflexively headbutt those who attack you in melee.


Message History

The white imp hits you but does no damage.
There are monsters nearby!
You shoot an arrow.
The arrow closely misses the necrophage.
The arrow closely misses the sky beast.
The necrophage hits you.
The orc wizard gestures wildly while chanting.
The orc wizard flickers and vanishes!
Deactivating autopickup; reactivate with Ctrl-A.
The white imp shouts, "Succumb, thou mangled hedge-born gudgeon!"
The white imp completely misses you.
There are monsters nearby!
You shoot an arrow. Something barely misses you.
The necrophage hits you but does no damage.
The white imp gestures at you. The puff of frost hits you.
There are monsters nearby!
You shoot an arrow. The necrophage barely misses you.
Something hits you but does no damage. The white imp barely misses you.
There are monsters nearby!
You feel less confused. The necrophage misses you. You furiously retaliate!
You headbutt the necrophage!
You destroy the necrophage!
You hear some strange, mumbled words.
Something tries to affect you, but you resist.
The sky beast is distracted by your dazzling golden aura.
The white imp gestures at you. The puff of frost misses you.
Your life force feels restored.
The orc warrior hits you with a +0 flail.
Something hits you but does no damage.
The white imp hits you but does no damage.
You shoot an arrow.
The arrow hits the orc warrior but does no damage.
The sky beast is no longer distracted by gold.
The orc warrior hits you with a +0 flail.
Something hits you but does no damage. The white imp gestures at you.
The puff of frost misses you. The orc warrior barely misses you.
You furiously retaliate!
You headbutt the orc warrior. The white imp gestures at you.
The puff of frost hits you. Something hits you but does no damage.
You shoot an arrow.
The arrow hits the orc warrior but does no damage.
The orc warrior is moderately wounded.
The white imp gestures at you. The puff of frost hits you.
Something barely misses you.
The orc warrior hits you but does no damage.
You shoot an arrow.
The arrow closely misses the orc warrior.
The arrow hits the orc but does no damage.
The orc is moderately wounded.
Something hits you but does no damage. The white imp gestures at you.
The puff of frost hits you. The orc barely misses you.
The sky beast hits you but does no damage.
The orc warrior hits you with a +0 flail.
The white imp gestures at you. The puff of frost misses you.
The puff of frost hits something.
Something hits you.
You see here 5 gold pieces.
You shoot an arrow. The orc closely misses you. The sky beast hits you.
The sky beast shocks you. The orc warrior misses you.
The white imp gestures at you. The puff of frost misses you.
Something hits you.
You shoot an arrow. The orc completely misses you. You furiously retaliate!
You headbutt the orc!
You kill the orc!
The white imp misses you.
The sky beast hits you but does no damage.
The orc warrior is distracted by your dazzling golden aura.
Something hits you but does no damage.
The orc warrior shouts!
The orc warrior is no longer distracted by gold.
The white imp hits you. The white imp freezes you.
You hear some strange, mumbled words.
Something tries to affect you, but you resist.
The sky beast misses you. You furiously retaliate!
You headbutt the sky beast!
Things that are here:
5 gold pieces; a +0 club; a +0 ring mail Something hits you.
The white imp completely misses you.
The orc warrior hits you with a +0 flail.
* * * LOW HITPOINT WARNING * * *
You shoot an arrow. The arrow closely misses the white imp.
The orc warrior hits you with a +0 flail!
* * * LOW HITPOINT WARNING * * *
The white imp hits you but does no damage.
The sky beast barely misses you.
You shoot an arrow. The arrow hits the sky beast!
The sky beast is heavily wounded.
The orc warrior barely misses you. The white imp gestures at you.
The puff of frost hits you.
* * * LOW HITPOINT WARNING * * *
Something hits you but does no damage. The sky beast closely misses you.
You furiously retaliate!
You headbutt the sky beast.
The orc warrior hits you with a +0 flail!
You die...
Your body crumbles into a pile of gold.

##............#.......
#................. ..
##.#............. .
###.#.............#
##...............#.#
#...............##.#
##...........##..
##.............#
#......5@....... $
#......oY.......
#....##$........
##.#####$....... ###
......... .........
....$..... ..........
...........


You could see an orc warrior, a sky beast and a white imp.

Vanquished Creatures
  A water moccasin (D:5)
  An ice beast (D:6)
  A black bear (D:5)
  3 necrophages (D:6)
  2 gnoll sergeants
  2 scorpions
  3 jellies
  4 orc priests
  A gnoll bouda (D:5)
  A hound (D:6)
  Jessica (D:3)
  6 iguanas
  2 orc wizards
  Robin (D:3)
  12 gnolls
  5 adders
  2 white imps (D:6)
  2 ufetubi (D:5)
  2 worms
  A dart slug (D:4)
  16 orcs
  7 ball pythons
  2 bats
  6 endoplasms
  5 giant cockroaches
  12 goblins
  10 hobgoblins
  4 jackals
  3 quokkas
  4 frilled lizards
  7 kobolds
  2 rats (D:1)
131 creatures vanquished.

Notes
Turn   | Place    | Note
-------+----------+-------------------------------------------
     0 | D:1      | Darkkill the Minotaur Hunter began the quest for the Orb.
     0 | D:1      | Reached XP level 1. HP: 18/18 MP: 0/0
   183 | D:1      | Reached skill level 1 in Stealth
   330 | D:1      | Found a faded altar of an unknown god.
   335 | D:1      | Reached XP level 2. HP: 25/25 MP: 1/1
  1173 | D:2      | Reached XP level 3. HP: 26/31 MP: 2/2
  1323 | D:2      | Identified the +1 robe of Casylep {rF+ rN+ MP+9 Slay-3}
  1419 | D:2      | Found a shimmering altar of Xom.
  1850 | D:3      | Reached XP level 4. HP: 21/38 MP: 3/3
  2012 | D:3      | Noticed Jessica
  2017 | D:3      | Killed Jessica
  2018 | D:3      | Reached skill level 5 in Ranged Weapons
  2110 | D:3      | Reached XP level 5. HP: 46/46 MP: 4/4
  2193 | D:3      | Identified the +1 scale mail "Miaxtyvva" {-Tele Will++
                  | Dex+4}
  2257 | D:3      | Noticed Robin
  2336 | D:3      | Killed Robin
  2899 | D:3      | Found a burning altar of Makhleb.
  3273 | D:4      | Reached XP level 6. HP: 53/53 MP: 5/5
  3488 | D:4      | Found a staircase to the Ecumenical Temple.
  3495 | Temple   | Entered the Ecumenical Temple
  3562 | Temple   | Became a worshipper of Gozag Ym Sagoz the Greedy
  3873 | D:5      | Entered Level 5 of the Dungeon
  3912 | D:5      | Reached skill level 6 in Ranged Weapons
  3916 | D:5      | Reached skill level 5 in Fighting
  3916 | D:5      | Reached XP level 7. HP: 42/61 MP: 6/6
  4330 | D:5      | Reached skill level 5 in Dodging
  5012 | D:6      | Reached XP level 8. HP: 61/70 MP: 7/7
  5044 | D:6      | Reached skill level 7 in Ranged Weapons
  5412 | D:6      | HP: 11/71 [orc warrior/+0 flail (9)]
  5413 | D:6      | Slain by an orc warrior

Illustrated notes

Levels and vault maps discovered:
D:1:      evilmike_arrival_hilbert_curve, layout_basic,
          shapermc_ecumenical_altar_pompeii
D:2:      layout_basic, basic_altar, minmay_tromino_v4_c
D:3:      layout_basic, lightli_temple_of_fire, chequers_serial_rivers_micro_b,
          uniq_jessica, uniq_robin
D:4:      layout_basic, minmay_temple_entry_statues_pillars,
          kennysheep_generic_room_13
D:5:      layout_gridville, st_stairs_3
D:6:      layout_cave_pools
Temple:   bh_familiar_temple

Skill      XL: |  1  2  3  4  5  6  7  8 |
---------------+-------------------------+-----
Stealth        | 1 2 3 4 |  4.7
Fighting       | 3 4 5 6 |  6.8
Dodging        | 3 4 5 6 |  6.2
Ranged Weapons | 5 6 7 |  7.4

Action                   |  1- 3 |  4- 6 |  7- 9 || total
-------------------------+-------+-------+-------++-------
 Fire: Shortbow          |   105 |   177 |   210 ||   492
  Use: Scroll            |     8 |     4 |     3 ||    15
       Potion            |       |     1 |       ||     1
Armor: Leather armour    |     4 |       |       ||     4
       Robe              |    26 |     9 |       ||    35
       Scale mail        |       |    36 |    49 ||    85
       Skin              |       |       |    35 ||    35
Dodge: Dodged            |    65 |    56 |   139 ||   260

Table legend: (Time is in decaauts)
 A = Elapsed time spent in this place.
 B = Non-inter-level travel time spent in this place.
 C = Inter-level travel time spent in this place.
 D = Time resting spent in this place.
 E = Time spent auto-exploring this place.
 F = Levels seen in this place.
 G = Mean time per level.
                   A        B        C        D        E       F      G
               +--------+--------+--------+--------+--------+-----+--------+
         Total |   5560 |   5394 |    166 |    190 |   4262 |   7 |  794.3 |
       Dungeon |   5356 |   5233 |    123 |    190 |   4107 |   6 |  892.7 |
        Temple |    203 |    160 |     43 |      0 |    155 |   1 |  203.0 |
               +--------+--------+--------+--------+--------+-----+--------+

Top non-repeatable levels by time:
     D:3: 1234 daAuts
     D:5: 1165 daAuts
     D:1: 1119 daAuts
     D:4: 715 daAuts
     D:2: 678 daAuts
     D:6: 443 daAuts
  Temple: 203 daAuts

Table legend:
 A = Kills in this place as a percentage of kills in entire the game.
 B = Kills by you in this place as a percentage of kills by you in the entire game.
 C = Kills by friends in this place as a percentage of kills by friends in the entire game.
 D = Other kills in this place as a percentage of other kills in the entire game.
 E = Experience gained in this place as a percentage of experience gained in the entire game.
 F = Experience gained in this place divided by the number of levels of this place that you have seen.
                   A       B       C       D       E      F
               +-------+-------+-------+-------+-------+----------------------
         Total | 100.0 | 100.0 |   N/A |   N/A | 100.0 | 312.6
       Dungeon | 100.0 | 100.0 |   N/A |   N/A | 100.0 | 364.7
               +-------+-------+-------+-------+-------+----------------------
